 Dungeon Crawl Stone Soup version 0.19-a0-1127-gac58878 (webtiles) character file.

6605 Duffy the Cleaver (level 11, -10/86 (88) HPs)
             Began as a Ghoul Gladiator on Aug 12, 2016.
             Was a Priest of Trog.
             Mangled by a small abomination (11 damage)
             ... on level 1 of the Abyss.
             The game lasted 00:17:57 (11008 turns).

Duffy the Cleaver (Ghoul Gladiator)                Turns: 11008, Time: 00:17:58

HP:   -10/86 (88)   AC: 21    Str: 20      XL:     11   Next: 2%
MP:   12/12         EV:  7    Int:  2 (3)  God:    Trog [***...]
Gold: 671           SH:  0    Dex: 11 (12) Spells: 0 memorised, 10 levels left

rFire  . . .     SeeInvis .     a - +1 war axe
rCold  + . .     Gourm    .     H - +0 plate armour (curse)
rNeg   + + +     Faith    .     (no shield)
rPois  ∞         Spirit   .     c - +0 helmet
rElec  .         Dismiss  .     d - +0 cloak
rCorr  .         Reflect  .     n - +0 pair of gloves
SustAt .         Harm     .     E - +2 pair of boots
MR     .....                    (no amulet)
Stlth  ..........               (no ring)
                                (no ring)

@: rotting
A: rotting body, claws 1, carnivore 3, cold resistance 1, negative energy
resistance 3, slow regeneration 1, torment resistance, unbreathing
a: Trog's Hand, Burn Spellbooks, Renounce Religion


You were on level 1 of the Abyss.
You worshipped Trog.
Trog was most pleased with you.
You were not hungry.

You visited 2 branches of the dungeon, and saw 10 of its levels.
You visited the Abyss 1 time.
You also visited: Sewer and Ossuary.

You collected 671 gold pieces.


Innate Abilities, Weirdness & Mutations

Your body is rotting away.
You thrive on raw meat.
You are immune to poison.
You have sharp fingernails.
You are carnivorous and can eat meat at any time.
Your flesh is cold resistant. (rC+)
You are immune to negative energy. (rN+++)
You regenerate slowly when monsters are visible.
You are immune to unholy pain and torment.
You can survive without breathing.


   Skills:
 + Level 5.5 Fighting
 + Level 11.4 Axes
 - Level 2.0 Throwing
 - Level 8.4 Armour
 - Level 2.6 Dodging
 + Level 2.6 Evocations


You had 10 spell levels left.
You didn't know any spells.

Inventory:

Hand Weapons
 a - a +1 war axe (weapon)
 b - a +2 whip of venom
 v - a cursed +0 battleaxe
 K - a +2 falchion of flaming
Missiles
 x - 7 javelins (quivered)
 y - 6 silver tomahawks
Armour
 c - a +0 helmet (worn)
 d - a +0 cloak (worn)
 n - a +0 pair of gloves (worn)
 E - a +2 pair of boots (worn)
 H - a cursed +0 plate armour (worn)
Wands
 l - a wand of iceblast (12/15)
 q - a wand of iceblast (4/15)
 r - a wand of flame (18/48)
Scrolls
 e - 4 scrolls of magic mapping
 h - 4 scrolls of remove curse
 i - a scroll of enchant armour {unknown}
 m - 3 scrolls of teleportation
 o - a scroll of noise {unknown}
 t - 3 scrolls of fog
 w - a scroll of torment {unknown}
 A - a scroll of enchant weapon
 B - a scroll of fear {unknown}
 F - a scroll of blinking {unknown}
 G - a scroll of recharging
Potions
 g - 6 potions of flight
 j - a potion of cancellation
 p - 9 potions of curing
 s - a potion of haste
 u - a potion of magic
 z - a potion of ambrosia
 I - a potion of heal wounds
 J - 2 potions of mutation {unknown}
 L - a potion of berserk rage {unknown}
Comestibles
 f - 6 meat rations
 k - 4 beef jerkies
 C - a royal jelly
 D - 7 slices of pizza

Dungeon Overview and Level Annotations

Branches:
Dungeon (9/15)             Temple (1/1) D:5
   Lair: D:8-11         Orc: D:9-12

Altars:
Ashenzari
Cheibriados
Dithmenos
Elyvilon
Fedhas
Gozag
Hepliaklqana
Kikubaaqudgha
Makhleb
Nemelex Xobeh
Okawaru
Pakellas
Qazlal
Ru
Sif Muna
Trog
Uskayaw
Vehumet
Xom
Yredelemnul
Zin
The Shining One

Shops:
D:4 (

Annotations:
D:9 Psyche


Message History

You are too injured to fight recklessly!
You are too injured to fight recklessly!
You are too injured to fight recklessly!
You are too injured to fight recklessly!
You are too injured to fight recklessly!
You barely miss the small abomination.
You completely miss the manticore skeleton.
Your plate armour prevents you from hitting the ancient zyme.
The ancient zyme barely misses you.
The ancient zyme hits you but does no damage.
The manticore skeleton barely misses you.
The manticore skeleton claws you but does no damage.
The manticore skeleton closely misses you.
Your unstable footing causes you to fumble your attack.
The small abomination hits you! The ancient zyme hits you!
The ancient zyme barely misses you.
You slash the small abomination!
The small abomination is heavily damaged.
You hit the ancient zyme but do no damage.
You hit the manticore skeleton. The manticore skeleton bites you.
The manticore skeleton closely misses you.
The manticore skeleton claws you but does no damage.
The small abomination hits you!
The ancient zyme hits you but does no damage. x2
Your unstable footing causes you to fumble your attack.
The manticore skeleton closely misses you.
The manticore skeleton claws you but does no damage. x2
The small abomination barely misses you.
The ancient zyme hits you but does no damage.
The ancient zyme completely misses you.
Your unstable footing causes you to fumble your attack.
The ancient zyme hits you but does no damage.
The ancient zyme barely misses you.
The manticore skeleton bites you but does no damage.
The manticore skeleton claws you but does no damage. x2
The small abomination closely misses you.
Your unstable footing causes you to fumble your attack.
The ancient zyme completely misses you.
The ancient zyme hits you but does no damage.
Your unstable footing causes you to fumble your attack.
The manticore skeleton bites you but does no damage.
The manticore skeleton claws you but does no damage. x2
The small abomination hits you but does no damage.
Your unstable footing causes you to fumble your attack.
The ancient zyme hits you but does no damage. x2
The manticore skeleton barely misses you.
The manticore skeleton claws you but does no damage.
The manticore skeleton barely misses you.
The small abomination hits you!
You die...

#. 7~ #.## ~~
~..#####
.~~~~77~~..##
..~~~7~~~.#$##.#
. .#~~~~~~~~.###
..#~~x~~~~~##~
0###..##Z@x~~~~~~
#..#.~~~~~~.
##..#.#.#.#~~~~~~
..#.. ......~~~~
.#...#.......#77
..#.....###...#
#. ...#.## .....
.. #.### .#.# # #
.# # # #


You could see an ancient zyme, a small abomination and a manticore skeleton.

Action                   |  1- 3 |  4- 6 |  7- 9 | 10-12 || total
-------------------------+-------+-------+-------+-------++-------
Melee: War axe           |   122 |   194 |   451 |   310 ||  1077
       Whip              |       |    11 |    38 |    12 ||    61
       Falchion          |       |       |       |     4 ||     4
Throw: Throwing net      |       |       |     5 |       ||     5
Invok: Burn Spellbooks   |       |       |     1 |     1 ||     2
       Trog's Hand       |       |       |     1 |     1 ||     2
       Brothers in Arms  |       |       |       |     1 ||     1
  Use: Scroll            |     3 |     4 |    10 |     5 ||    22
       Potion            |       |       |     1 |     1 ||     2
 Stab: Held in net/web   |       |       |     2 |       ||     2
  Eat: Chunk             |     7 |    22 |    77 |    60 ||   166
Armor: Leather armour    |     8 |       |       |       ||     8
       Chain mail        |    83 |   152 |   281 |       ||   516
       Plate armour      |       |       |     8 |   238 ||   246
Dodge: Dodged            |    81 |   107 |   200 |   113 ||   501

Notes
Turn   | Place    | Note
-------+----------+-------------------------------------------
     0 | D:1      | Duffy the Ghoul Gladiator began the quest for the Orb.
     0 | D:1      | Reached XP level 1. HP: 17/17 MP: 0/0
   385 | D:1      | Reached skill level 3 in Axes
   496 | D:1      | Reached XP level 2. HP: 20/24 MP: 1/1
   888 | D:1      | Reached XP level 3. HP: 24/29 MP: 2/2
  1259 | D:2      | Reached skill level 4 in Axes
  1353 | D:2      | Reached XP level 4. HP: 29/36 MP: 3/3
  2072 | D:2      | Reached skill level 5 in Axes
  2072 | D:2      | Reached XP level 5. HP: 40/41 MP: 4/4
  2317 | D:3      | Noticed Ijyb
  2342 | D:3      | Killed Ijyb
  2544 | D:4      | Found Faejisis's Antique Weapon Boutique.
  2563 | D:4      | Reached XP level 6. HP: 48/48 MP: 5/5
  2584 | D:4      | Reached skill level 6 in Axes
  2630 | D:5      | Entered Level 5 of the Dungeon
  2683 | D:5      | Found a staircase to the Ecumenical Temple.
  2686 | Temple   | Entered the Ecumenical Temple
  2744 | Temple   | Became a worshipper of Trog the Wrathful
  2808 | D:5      | Found a glowing drain.
  2831 | Sewer    | Entered a sewer
  2975 | D:4      | Reached skill level 3 in Fighting
  2975 | D:4      | Reached XP level 7. HP: 38/57 MP: 6/6
  3162 | D:3      | Reached skill level 7 in Axes
  3265 | D:3      | Reached skill level 4 in Fighting
  3519 | D:3      | Noticed torvon's ghost (amateur GrEE)
  3533 | D:3      | Killed torvon's ghost
  3533 | D:3      | Reached * piety under Trog
  4223 | D:4      | Reached skill level 1 in Armour
  4333 | D:4      | Noticed crawlian's ghost (weakling DEFE)
  4343 | D:4      | Reached XP level 8. HP: 66/67 MP: 7/7
  4360 | D:4      | Killed crawlian's ghost
  4423 | D:4      | Reached skill level 2 in Armour
  4674 | D:4      | Reached ** piety under Trog
  4740 | D:4      | Reached skill level 3 in Armour
  5006 | D:5      | Reached skill level 8 in Axes
  6029 | D:6      | Reached skill level 4 in Armour
  6087 | D:6      | Reached XP level 9. HP: 24/72 MP: 8/8
  6235 | D:6      | Found a burning altar of Makhleb.
  6258 | D:6      | Reached skill level 2 in Throwing
  6418 | D:6      | Reached skill level 9 in Axes
  6488 | D:6      | Reached skill level 5 in Armour
  7320 | D:7      | Reached skill level 6 in Armour
  7424 | D:6      | Reached *** piety under Trog
  8050 | D:8      | Reached skill level 10 in Axes
  8117 | D:8      | Noticed Joseph
  8155 | D:8      | Killed Joseph
  8155 | D:8      | Reached skill level 7 in Armour
  8155 | D:8      | Reached XP level 10. HP: 32/80 MP: 9/9
  8167 | D:8      | Found a sand-covered staircase.
  8254 | Ossuary  | Entered an ossuary
  9716 | D:8      | Noticed a three-headed hydra
  9720 | D:8      | Killed a one-headed hydra
  9720 | D:8      | Reached skill level 11 in Axes
  9720 | D:8      | Reached skill level 8 in Armour
 10098 | D:9      | Reached skill level 1 in Evocations
 10129 | D:9      | Reached **** piety under Trog
 10273 | D:9      | Reached skill level 5 in Fighting
 10349 | D:9      | Reached skill level 2 in Evocations
 10552 | D:9      | Received a gift from Trog
 10818 | D:9      | Reached XP level 11. HP: 81/88 MP: 11/11
 10821 | D:9      | Noticed Psyche
 10836 | D:9      | Cast into level 1 of the Abyss (Psyche)
 10893 | Abyss:1  | Noticed a wretched star
 11008 | Abyss:1  | Mangled by a small abomination

Skill      XL: |  1  2  3  4  5  6  7  8  9 10 |
---------------+-------------------------------+-----
Axes           | 3 4 5 6 7 8 10 11 | 11.4
Fighting       | 3 4 5 |  5.5
Armour         | 1 4 7 8 |  8.4
Throwing       | 2 |  2.0
Evocations     | 2 |  2.6
Dodging        | |  2.6

Vault maps used:
D:1:      dpeg_arrival_simpleton_c, hex_large, minmay_stone_trees_small,
          minmay_nonomino_d4
D:2:      first_bread
D:3:      uniq_iyjb
D:4:      serial_shops, shop
D:5:      portal_sewer_entry_a
D:6:      demons_altar
D:8:      nicolae_ossuary_entry_giza, hangedman_ranch, uniq_joseph
D:9:      wad_crossroads, serial_shops, shop, kennysheep_mini,
          nicolae_shop_overgrown_old_shop, uniq_psyche
Temple:   grunt_wide_crystal_templ
Sewer:    sewer_co_purgy_island
Ossuary:  ossuary_tomb_3

Vanquished Creatures
  A hydra Joseph
  A two-headed ogre
  A wyvern
  2 yaks
  A hippogriff
  A water moccasin
  2 black bears
  2 ice beasts
  5 sky beasts
  3 orc warriors
  A phantom
  8 ogres
  A centaur
  The ghost of torvon the Digger, an amateur GrEE
  3 big kobolds
  3 giant frogs
  A water moccasin skeleton
  2 scorpions
  5 wights
  A giant frog zombie
  5 crimson imps
  The ghost of crawlian the Firebug, a weakling DEFE
  2 quasits
  3 hounds
  3 jellies
  7 orc priests
  3 iron imps
  10 orc wizards Ijyb
  5 iguanas
  6 worker ants
  2 sheep
  A big kobold zombie
  A hound zombie
  A hound skeleton
  9 mummies
  A worker ant zombie
  2 howler monkey skeletons
  4 gnolls
  15 adders
  A white imp
  3 oozes
  3 worms
  3 dart slugs
  2 giant geckos
  37 orcs
  8 bats
  6 giant cockroaches
  8 goblins
  10 hobgoblins
  17 jackals
  8 kobolds
  2 quokkas
  4 ball pythons
  7 giant newts
  2 gnoll zombies
  4 kobold zombies
  3 orc zombies
  A quokka skeleton
  6 rats
263 creatures vanquished.
